 Dungeon Crawl Stone Soup version 0.21-a0-521-g1cd18d1 (webtiles) character file.

135 Gerstahl the Chopper (level 4, -7/40 HPs)
             Began as a Draconian Gladiator on Dec 5, 2017.
             Mangled by Sigmund
             ... wielding a cursed -2 scythe
              (8 damage)
             ... on level 3 of the Dungeon.
             The game lasted 00:03:17 (2198 turns).

Gerstahl the Chopper (Draconian Gladiator)          Turns: 2198, Time: 00:03:18

Health: -7/40      AC:  5    Str: 17    XL:     4   Next: 96%
Magic:  4/4        EV: 13    Int: 13    God:
Gold:   198        SH:  0    Dex: 13    Spells: 3/3 levels left

rFire    + . .     SeeInvis .   a - +0 war axe
rCold    + . .     Gourm    .   (no shield)
rNeg     . . .     Faith    .   (armour unavailable)
rPois    +         Spirit   .   b - +0 hat
rElec    +         Reflect  .   (no cloak)
rCorr    +         Harm     .   (no gloves)
MR       .....                  (no boots)
Stlth    +.........             (no amulet)
HPRegen  0.13/turn              (no ring)
MPRegen  0.09/turn              (no ring)

@: brilliant, resistant, hasted, very quick
A: unfitting armour, cold-blooded, AC +5
a: no special abilities


You were on level 3 of the Dungeon.
You were very hungry.

You visited 1 branch of the dungeon, and saw 3 of its levels.

You collected 198 gold pieces.

Inventory:

Hand Weapons
 a - a +0 war axe (weapon)
Armour
 b - a +0 hat (worn)
Scrolls
 e - a scroll of fear {unknown}
 f - a scroll of fog {unknown}
 j - 3 scrolls of identify {unknown}
 k - a scroll of blinking {unknown}
 l - a scroll of remove curse {unknown}
 m - a scroll of teleportation {unknown}
 n - a scroll of random uselessness {unknown}
 o - a scroll of amnesia {unknown}
Potions
 p - a potion of haste
Comestibles
 d - 2 bread rations


   Skills:
 + Level 4.3 Fighting
 + Level 4.5 Axes
 - Level 1.7 Throwing
 - Level 2.6 Dodging


You had 3 spell levels left.
You didn't know any spells.

Dungeon Overview and Level Annotations

Branches:
Dungeon (3/15)

Altars:
Cheibriados
Nemelex Xobeh

Annotations:
D:3 Sigmund; teton's ghost, amateur DsFi


Innate Abilities, Weirdness & Mutations

Your plain brown scales are hard. (AC +5)
You cannot fit into any form of body armour.
You are cold-blooded and may be slowed by cold attacks.


Message History

You closely miss the kobold. The kobold hits you but does no damage.
Something hits you.
You barely miss the kobold. You tail-slap the kobold.
You kill the kobold!
Something hits you but does no damage.
You closely miss something. You miss something.
Something hits you but does no damage.
You closely miss something. You miss something. You tail-slap something.
Something hits you but does no damage.
You hit something. Something hits you!
You miss something. You barely miss something. You tail-slap something.
Something hits you!
* * * LOW HITPOINT WARNING * * *
You closely miss something. You tail-slap something.
It was a potion of curing.
You feel better. Something hits you!
* * * LOW HITPOINT WARNING * * *
You miss something. You tail-slap something. You miss something.
Something hits you!
You die...

#...............# #..
#...............# #..
#...........#...# #..
#...........#...# #...
####...........# #.......
######....####### ##..).
#......####### ########....
#............######.....###
#.....######.@{..$)....(...
#.....# ########.....##.
####### #........ #.?......
#.....### #.....# #.....#
#.....#


There were no monsters in sight!

Vanquished Creatures
  A howler monkey (D:3)
  3 adders (D:2)
  2 oozes
  A worm (D:2)
  A dart slug (D:2)
  A leopard gecko (D:1)
  6 giant cockroaches
  6 goblins
  7 hobgoblins
  2 jackals (D:2)
  7 kobolds
  3 quokkas
  4 bats
  5 frilled lizards
  7 rats
56 creatures vanquished.

Notes
Turn   | Place    | Note
-------+----------+-------------------------------------------
     0 | D:1      | Gerstahl the Draconian Gladiator began the quest for the Orb.
     0 | D:1      | Reached XP level 1. HP: 17/17 MP: 1/1
   206 | D:1      | Reached XP level 2. HP: 16/25 MP: 2/2
   655 | D:2      | Reached XP level 3. HP: 25/31 MP: 3/3
  1096 | D:2      | Reached XP level 4. HP: 40/40 MP: 4/4
  1178 | D:2      | Found a snail-covered altar of Cheibriados.
  1413 | D:3      | Noticed teton's ghost (amateur DsFi)
  1417 | D:3      | Found a sparkling altar of Nemelex Xobeh.
  2158 | D:3      | Noticed Sigmund
  2196 | D:3      | HP: 1/40 [something (7)]
  2198 | D:3      | Mangled by Sigmund

Vault maps used:
D:1:      dpeg_arrival_snail
D:2:      kennysheep_slug_shrine
D:3:      overflow_temple_1_default, amethyst_killhole, uniq_sigmund

Skill      XL: |  1  2  3  4 |
---------------+-------------+-----
Fighting       | 3 4 |  4.3
Axes           | 4 |  4.5
Throwing       | |  1.7
Dodging        | |  2.6

Action                   |  1- 3 |  4- 6 || total
-------------------------+-------+-------++-------
Melee: War axe           |    87 |    78 ||   165
       Tailslap          |     8 |    14 ||    22
Throw: Throwing net      |       |     3 ||     3
  Use: Potion            |       |     6 ||     6
 Stab: Sleeping          |     2 |       ||     2
  Eat: Royal jelly       |       |     1 ||     1
       Chunk             |       |     1 ||     1
Armor: Skin              |    30 |    21 ||    51
Dodge: Dodged            |    68 |    62 ||   130

Table legend:
 A = Spawn XP
 B = Non-spawn XP
 C = Spawn XP percentage of total XP
 D = Spawn monster count
 E = Non-spawn monster count
 F = Spawn count percentage of total count
 G = Total turns spent on level
                    A         B        C        D         E        F      G
               +---------+---------+-------+---------+---------+-------+---------
         Total |       0 |     193 |   0.0 |       0 |      56 |   0.0 |  2198
               +---------+---------+-------+---------+---------+-------+---------
           D:1 |       0 |      21 |   0.0 |       0 |      14 |   0.0 |   630
           D:2 |       0 |      89 |   0.0 |       0 |      25 |   0.0 |  1294
           D:3 |       0 |      83 |   0.0 |       0 |      17 |   0.0 |   274
               +---------+---------+-------+---------+---------+-------+---------
